 Dungeon Crawl Stone Soup version 0.23-a0-143-g1adec7bb76 (webtiles) character file.

146 PikkenKukken the Skirmisher (level 5, -12/42 HPs)
             Began as a Demonspawn Fighter on Sept 5, 2018.
             Mangled by an orc warrior
             ... wielding a +0 battleaxe
              (19 damage)
             ... on level 4 of the Dungeon.
             The game lasted 00:03:34 (2155 turns).

PikkenKukken the Skirmisher (Demonspawn Fighter)    Turns: 2155, Time: 00:03:34

Health: -12/42     AC: 10    Str: 17    XL:     5   Next: 7%
Magic:  5/5        EV:  7    Int: 10    God:
Gold:   172        SH:  0    Dex: 12    Spells: 4/4 levels left

rFire    x . .     SeeInvis .   a - +1 rapier
rCold    + . .     Gourm    .   c - +0 shield
rNeg     . . .     Faith    .   b - +0 scale mail
rPois    .         Spirit   .   (helmet restricted)
rElec    .         Reflect  .   (no cloak)
rCorr    .         Harm     .   (no gloves)
MR       .....                  (no boots)
Stlth    ..........             (no amulet)
HPRegen  0.14/turn              h - +4 ring of protection
MPRegen  0.09/turn              j - ring of ice

@: confused
A: horns 1, large bone plates 1, foul stench 1, rot immunity
a: no special abilities


You were on level 4 of the Dungeon.
You were not hungry.

You visited 1 branch of the dungeon, and saw 4 of its levels.

You collected 172 gold pieces.

Inventory:

Hand Weapons
 a - a +1 rapier (weapon)
Armour
 b - a +0 scale mail (worn)
 c - a +0 shield (worn)
Jewellery
 h - a +4 ring of protection (left hand)
 j - a ring of ice (right hand)
Scrolls
 m - 3 scrolls of remove curse
 p - a scroll of teleportation
Potions
 d - a potion of might
 g - a potion of mutation {unknown}
 i - 2 potions of flight
 k - a potion of brilliance {unknown}
 l - a potion of curing {unknown}
Comestibles
 f - 8 rations
 n - 2 chunks of flesh


   Skills:
 + Level 3.6 Fighting
 * Level 3.3 Short Blades
 + Level 3.3 Armour
 + Level 3.3 Shields


You had 4 spell levels left.
You didn't know any spells.
Your spell library was empty.

Dungeon Overview and Level Annotations

Branches:
Dungeon (4/15)
 Temple: D:4-7

Altars:
Ashenzari


Innate Abilities, Weirdness & Mutations

You have a pair of small horns on your head.
You are partially covered in large bone plates. (SH +4)
You may emit foul miasma when damaged in melee.
You are immune to rotting.


Message History

The orc warrior shouts!
Found 12 gold pieces.
You hit the orc warrior but do no damage.
You block the orc warrior's attack.
You hit the orc warrior.
The orc warrior is lightly wounded.
The orc warrior hits you with a battleaxe!!
Ouch! That really hurt!
You hit the orc warrior but do no damage.
The orc warrior is lightly wounded.
The orc warrior barely misses you.
You closely miss the orc warrior. Your headbutt misses the orc warrior.
The orc warrior is lightly wounded.
The orc warrior hits you with a battleaxe!
* * * LOW HITPOINT WARNING * * *
The orc warrior looks sick.
You are confused.
You feel invigorated.
The orc warrior hits you with a battleaxe!!
You die...

##### ##..... ###.....
########....># $.
##....##.....# ..
##............# ..
##@............## . #.
#########o#####....##<..#
#. #. [........##
##..#####..# ##.#.
######.## #..# .>#
.....######..## ##.# ..
......o......# #.# .
.............# #.#
.##..........# #.#
###........# #.#


You could see an orc warrior.

Vanquished Creatures
  Terence (D:3)
  4 adders
  2 oozes
  4 worms (D:2)
  A dart slug (D:1)
  3 leopard geckos
  2 orcs (D:3)
  2 ball pythons
  2 giant cockroaches
  3 goblins
  7 hobgoblins
  7 jackals (D:2)
  6 bats
  A frilled lizard (D:1)
  8 kobolds
  A leopard gecko skeleton (D:4)
  8 rats
62 creatures vanquished.

Notes
Turn   | Place    | Note
-------+----------+-------------------------------------------
     0 | D:1      | PikkenKukken the Demonspawn Fighter began the quest for the
                  | Orb.
     0 | D:1      | Reached XP level 1. HP: 18/18 MP: 1/1
    76 | D:1      | Gained mutation: You are partially covered in large bone
                  | plates. (SH +4) [demonic ancestry]
    76 | D:1      | Reached XP level 2. HP: 17/24 MP: 2/2
   656 | D:2      | Gained mutation: You are immune to rotting. [demonic
                  | ancestry]
   656 | D:2      | Reached XP level 3. HP: 25/29 MP: 3/3
  1088 | D:2      | Gained mutation: You have a pair of small horns on your
                  | head. [demonic ancestry]
  1088 | D:2      | Reached XP level 4. HP: 31/35 MP: 4/4
  1406 | D:3      | Noticed Terence
  1430 | D:3      | Killed Terence
  1729 | D:3      | Found a shattered altar of Ashenzari.
  1957 | D:3      | Gained mutation: You may emit foul miasma when damaged in
                  | melee. [demonic ancestry]
  1957 | D:3      | Reached XP level 5. HP: 40/41 MP: 5/5
  2133 | D:4      | Noticed an orc warrior
  2155 | D:4      | Mangled by an orc warrior

Vault maps used:
D:1:      dpeg_arrival_tiny_a
D:3:      cheibrodos_ashenzari_chains, uniq_terence
D:4:      guppyfry_early_orc_mine

Skill      XL: |  1  2  3  4 |
---------------+-------------+-----
Short Blades   | 2 3 |  3.3
Armour         | 3 |  3.3
Shields        | 3 |  3.3
Fighting       | |  3.6

Action                   |  1- 3 |  4- 6 || total
-------------------------+-------+-------++-------
Melee: Rapier            |   117 |   109 ||   226
       Headbutt          |       |    17 ||    17
  Use: Scroll            |     5 |     2 ||     7
       Potion            |       |     1 ||     1
  Eat: Chunk             |     1 |     3 ||     4
Armor: Scale mail        |    33 |    34 ||    67
Dodge: Dodged            |    21 |    25 ||    46
Block: Shield            |    59 |    51 ||   110

Table legend:
 A = Non-vault XP
 B = Vault XP
 C = Vault XP percentage of total XP
 D = Non-vault monster count
 E = Vault monster count
 F = Vault count percentage of total count
                 A         B        C        D         E       F
            +---------+---------+-------+---------+---------+-------
      Total |     177 |      32 |  15.3 |      61 |       1 |   1.6
            +---------+---------+-------+---------+---------+-------
        D:1 |      30 |       0 |   0.0 |      18 |       0 |   0.0
        D:2 |      98 |       0 |   0.0 |      27 |       0 |   0.0
        D:3 |      39 |      32 |  45.1 |      13 |       1 |   7.1
        D:4 |      10 |       0 |   0.0 |       3 |       0 |   0.0
            +---------+---------+-------+---------+---------+-------
